 Dungeon Crawl Stone Soup version 0.18-a0-19-g8b99b3a (webtiles) character file.

168 Raultor the Shield-Bearer (level 5, -5/32 HPs)
             Began as a Gargoyle Fighter on Nov 1, 2015.
             Slain by thrall606's ghost (7 damage)
             ... on level 3 of the Dungeon.
             The game lasted 00:04:34 (1861 turns).

Raultor the Shield-Bearer (Gargoyle Fighter)        Turns: 1861, Time: 00:04:34

Health: -5/32      AC: 12    Str: 20    XL:     5   Next: 48%
Magic:  5/5        EV:  2    Int:  9    God:
Gold:   215        SH:  9    Dex:  9    Spells: 0 memorised, 4 levels left

rFire  . . .     SeeInvis .     a - +0 flail
rCold  . . .     Clarity  .     b - +0 scale mail
rNeg   + . .     SustAt   .     c - +0 shield
rPois  ∞         Gourm    .     (no helmet)
rElec  +         Spirit   .     (no cloak)
rCorr  .         Warding  .     p - +0 pair of gloves
rMut   .         Stasis   .     (no boots)
MR     .....                    (no amulet)
Stlth  ..........               (no ring)
                                (no ring)

@: not resistant to hostile enchantments, extremely unstealthy
A: negative energy resistance 1, electricity resistance, unbreathing,
petrification resistance, rot immunity, AC +4
a: no special abilities


You were on level 3 of the Dungeon.
You were not hungry.

You visited 1 branch of the dungeon, and saw 3 of its levels.

You collected 215 gold pieces.

Inventory:

Hand Weapons
 a - a +0 flail (weapon)
Armour
 b - a +0 scale mail (worn)
 c - a +0 shield (worn)
 p - a +0 pair of gloves (worn)
Jewellery
 l - an uncursed ring of see invisible {unknown}
 m - an uncursed ring of stealth {unknown}
Wands
 s - a wand of disintegration (15)
Scrolls
 h - a scroll of teleportation {unknown}
 j - a scroll of fog {unknown}
 k - 5 scrolls of identify {unknown}
 o - a scroll of enchant weapon {unknown}
Potions
 d - 2 potions of might
 g - a potion of lignification {unknown}
 q - a potion of mutation {unknown}
Comestibles
 e - 2 bread rations
 f - 5 fruits
 i - a meat ration
 n - 3 royal jellies
 r - 10 chunks of flesh


   Skills:
 - Level 3.2 Fighting
 * Level 3.8 Maces & Flails
 + Level 4.2 Armour
 + Level 4.7 Shields


You had 4 spell levels left.
You didn't know any spells.

Dungeon Overview and Level Annotations

Branches:
Dungeon (3/15)

Altars:
Makhleb

Annotations:
D:3 thrall606's ghost, amateur DsFi


Innate Abilities, Weirdness & Mutations

You are resistant to torment.
Your stone body is resilient (AC +4).
You are immune to poison.
You resist negative energy.
You are resistant to electric shocks.
You can survive without breathing.
You are immune to petrification.
You are immune to rotting.


Message History

Thrall606's ghost is moderately damaged.
You block thrall606's ghost's attack. The rat bites you but does no damage.
You hit thrall606's ghost but do no damage.
Thrall606's ghost is moderately damaged.
Thrall606's ghost hits you but does no damage.
The rat closely misses you. Thrall606's ghost hits you!
You hit thrall606's ghost but do no damage.
Thrall606's ghost is moderately damaged.
The rat closely misses you. Thrall606's ghost hits you.
* * * LOW HITPOINT WARNING * * *
The rat bites you but does no damage.
You see here a kobold corpse.
You block thrall606's ghost's attack. Thrall606's ghost hits you!
* * * LOW HITPOINT WARNING * * *
You block the rat's attack. The rat bites you but does no damage.
There is a stone staircase leading up here.
Thrall606's ghost hits you!
You die...

###### #.# #.# #.....## #.# #.#
#......#########.# #.#
#.........(...[#.# #.#
#......##.†..#.#.# #.#
#<....##.(..#...#####.#
#.....''...(.#........#
#.....##.....#.######.#.#
#####...........@#.# #...#.#
...(.......##.#.W#.# #.#.#.# #
#...†########.#.r#.####.#.#.#.#
.................#.#......#.#.#
.....†.......................>#
####..........#......##.....#.#
#......#######....#####.##
#......# ...... ##'### ###'#'##
...... #....#


You could see thrall606's ghost and a rat.

Vanquished Creatures
  A scorpion (D:3)
  An orc priest (D:3)
  An adder (D:2)
  2 oozes (D:2)
  2 worms (D:2)
  A giant gecko (D:1)
  3 orcs (D:3)
  10 bats
  5 giant cockroaches
  7 goblins
  10 hobgoblins
  3 jackals (D:2)
  10 kobolds
  A giant newt (D:1)
  8 rats
65 creatures vanquished.

Notes
Turn   | Place    | Note
--------------------------------------------------------------
     0 | D:1      | Raultor the Gargoyle Fighter began the quest for the Orb.
     0 | D:1      | Reached XP level 1. HP: 14/14 MP: 1/1
    75 | D:1      | Reached XP level 2. HP: 16/19 MP: 2/2
   654 | D:1      | Reached XP level 3. HP: 19/23 MP: 3/3
  1015 | D:2      | Found a burning altar of Makhleb.
  1189 | D:2      | Reached skill level 4 in Shields
  1258 | D:2      | Reached XP level 4. HP: 17/28 MP: 4/4
  1701 | D:3      | Reached XP level 5. HP: 32/32 MP: 5/5
  1827 | D:3      | Noticed thrall606's ghost (amateur DsFi)
  1861 | D:3      | Slain by thrall606's ghost

Vault maps used:
D:1:      zelgadis_glass_arrival_small, st_stairs_7, serial_bayou_pond_c,
          minmay_stone_trees_small, minmay_misc_feat_diagonals
D:2:      minmay_door_path, bloody_makhleb
D:3:      overflow_temple_1_default

Action                   |  1- 3 |  4- 6 || total
-------------------------+-------+-------++-------
Melee: Flail             |   173 |    96 ||   269
  Eat: Chunk             |     1 |     3 ||     4
